 Dungeon Crawl Stone Soup version 0.31-a0-210-gccc998df9b (webtiles) character file.

Game seed: 5340683394654655893

156 qw the Shooter (level 5, -4/30 HPs)
             Began as a Gargoyle Hexslinger on June 30, 2023.
             Slain by an iguana (8 damage)
             ... on level 4 of the Dungeon.
             The game lasted 00:00:47 (1931 turns).

qw the Shooter (Gargoyle Hexslinger)                Turns: 1931, Time: 00:00:48

Health: -4/30      AC: 11    Str: 11    XL:     5   Next: 38%
Magic:  6/6        EV: 10    Int: 14    God:
Gold:   271        SH:  0    Dex: 14    Spells: 5/6 levels left

rFire   . . .        Y - +1 sling
rCold   . . .        (no shield)
rNeg    + . .        b - +0 ring mail
rPois   inf          (no helmet)
rElec   +            h - +1 cloak
rCorr   .            (no gloves)
SInv    .            (no boots)
Will    .....        (no amulet)
Stlth   +            (no ring)
HPRegen 0.25/turn    (no ring)
MPRegen 0.10/turn

%: no passive effects
@: no status effects
A: sickness immunity, AC +4, negative energy resistance 1, electricity
resistance, torment resistance 1, petrification resistance
a: no special abilities


You were on level 4 of the Dungeon.
You visited 1 branch of the dungeon, and saw 4 of its levels.

You collected 271 gold pieces.


Innate Abilities, Weirdness & Mutations

You are immune to sickness and miasma.
Your stone body is resilient. (AC +4)
You are immune to poison.
You resist negative energy. (rN+)
You are resistant to electric shocks. (rElec)
You are resistant to unholy torment.
You are immune to petrification.


   Skills:
 - Level 2.2 Fighting
 + Level 4.8 Ranged Weapons
 - Level 1.4 Armour
 - Level 1.5 Dodging
 - Level 1.0 Spellcasting
 - Level 2.6 Hexes


You had 5 spell levels left.
You knew the following spells:

 Your Spells              Type           Power      Damage    Failure   Level
a - Slow                  Hex            32%        N/A       21%         1

Your spell library contained the following spells:

 Spells                   Type           Power      Damage    Failure   Level
 Inner Flame              Hex/Fire       4%         N/A       71%         3
 Portal Projectile        Hex/Tloc       8%         N/A       71%         3
 Cause Fear               Hex            4%         N/A       90%         4

Inventory:

Hand Weapons
 Y - a +1 sling (weapon)
Armour
 b - a +0 ring mail (worn)
 h - a +1 cloak (worn)
Scrolls
 c - a scroll of identify
Potions
 a - a potion of berserk rage {unknown}
 d - a potion of enlightenment
 e - a potion of might
 g - a potion of heal wounds {unknown}

Dungeon Overview and Level Annotations

Branches:
Dungeon (4/15)
 Temple: D:4-7

Altars:
Cheibriados
Makhleb
Qazlal
Wu Jian
Xom


Message History

You shoot a sling bullet. The sling bullet hits the iguana.
The iguana is moderately wounded.
The iguana bites you but does no damage. x2
You shoot a sling bullet.
The sling bullet barely misses the iguana.
The iguana closely misses you.
You shoot a sling bullet. The sling bullet hits the iguana!
The iguana is heavily wounded.
The iguana bites you.
You shoot a sling bullet.
The sling bullet closely misses the iguana.
The iguana bites you but does no damage.
You shoot a sling bullet.
The sling bullet barely misses the iguana.
The iguana bites you. The iguana barely misses you.
You shoot a sling bullet.
The sling bullet hits the iguana but does no damage.
The iguana is heavily wounded.
The iguana bites you!
You shoot a sling bullet.
The sling bullet barely misses the iguana.
The iguana misses you.
You shoot a sling bullet.
The sling bullet completely misses the iguana.
The iguana bites you!
The iguana bites you but does no damage.
You shoot a sling bullet. The sling bullet hits the iguana.
The iguana is severely wounded.
The iguana barely misses you.
You shoot a sling bullet.
The sling bullet barely misses the iguana.
The iguana barely misses you.
You shoot a sling bullet.
The sling bullet barely misses the iguana.
The iguana bites you.
You shoot a sling bullet.
The sling bullet hits the iguana but does no damage.
The iguana is severely wounded.
The iguana bites you!
You die...

#..... ...
#.....##.##
#)....#...
#.....#..########
.....#..#......#
...#..........
#l#..#......#
#.@..........
#####..#......#
#.[....#......#
#.####.########
####.#............
#...^#....########
#....#..###
#....#..##
+........#


You could see an iguana.

Vanquished Creatures
  A phantom (D:4)
  A jelly (D:3)
  2 adders
  2 worms
  An orc (D:3)
  3 endoplasms
  A giant cockroach (D:3)
  3 goblins (D:1)
  A hobgoblin (D:1)
  8 ball pythons
  4 bats
  2 frilled lizards
  4 kobolds
  4 rats
37 creatures vanquished.

Notes
Turn   | Place    | Note
-------+----------+-------------------------------------------
     0 | D:1      | qw the Gargoyle Hexslinger began the quest for the Orb.
     0 | D:1      | Reached XP level 1. HP: 12/12 MP: 2/2
     0 | D:1      | 0 ||| qw: Version: 0.3-a-24-ga2abf7b
     0 | D:1      | 0 ||| qw: Game counter: 7056
     0 | D:1      | 0 ||| qw: Melee chars always use a shield: true
     0 | D:1      | 0 ||| qw: God list: Okawaru
     0 | D:1      | 0 ||| qw: Allow faded altars: false
     0 | D:1      | 0 ||| qw: Do Orc after clearing Dungeon:15 true
     0 | D:1      | 0 ||| qw: Do second Lair branch before Depths: true
     0 | D:1      | 0 ||| qw: Lair rune preference: random
     0 | D:1      | 0 ||| qw: Goals: Normal
     0 | D:1      | 0 ||| PLANNING D:1-11
   143 | D:1      | Reached XP level 2. HP: 9/16 MP: 3/3
   307 | D:1      | Reached skill level 3 in Ranged Weapons
   317 | D:1      | Found a faded altar of an unknown god.
   627 | D:1      | 627 ||| UPGRADING to +0 cloak.
   632 | D:1      | 632 ||| UPGRADING to +0 leather armour.
   642 | D:1      | 642 ||| DROPPING +0 robe.
   643 | D:1      | 643 ||| READING scroll labelled TUAWKY TUAKK.
   647 | D:1      | 647 ||| READING scroll labelled IKLONUIT VOLEKK.
   648 | D:1      | 648 ||| READING scroll labelled NAMYUGEBAE.
   649 | D:1      | 649 ||| DRINKING 2 purple potions.
   650 | D:1      | 650 ||| DRINKING 2 fuming puce potions.
   651 | D:1      | 651 ||| DROPPING scroll of poison.
   652 | D:1      | 652 ||| DROPPING potion of attraction.
   755 | D:2      | Found a shimmering altar of Xom.
   780 | D:2      | Reached XP level 3. HP: 21/21 MP: 4/4
  1014 | D:2      | 1014 ||| UPGRADING to +0 ring mail.
  1024 | D:2      | 1024 ||| DROPPING +0 leather armour.
  1025 | D:2      | 1025 ||| READING scroll labelled JARANU SYAVUI.
  1110 | D:3      | Found an ornate altar of the Wu Jian Council.
  1194 | D:3      | Found a burning altar of Makhleb.
  1199 | D:3      | Found a snail-covered altar of Cheibriados.
  1203 | D:3      | Found a stormy altar of Qazlal.
  1396 | D:3      | Reached skill level 1 in Armour
  1421 | D:3      | Reached XP level 4. HP: 26/26 MP: 5/5
  1674 | D:3      | 1674 ||| READING scroll of enchant armour.
  1674 | D:3      | 1674 ||| ENCHANTING +0 cloak.
  1715 | D:3      | 1715 ||| READING scroll labelled WUETUS WEIR.
  1716 | D:3      | 1716 ||| DRINKING 2 amethyst potions.
  1780 | D:4      | Noticed a phantom
  1813 | D:4      | Killed a phantom
  1814 | D:4      | Reached skill level 4 in Ranged Weapons
  1814 | D:4      | Reached XP level 5. HP: 11/30 MP: 6/6
  1927 | D:4      | HP: 7/30 [iguana (8)]
  1931 | D:4      | Slain by an iguana

Levels and vault maps discovered:
D:1:      dpeg_arrival_water_temple_mockup, layout_basic,
          hellmonk_ecumenical_altar_leap_of_faith
D:2:      layout_basic, basic_altar, kennysheep_small_spiral
D:3:      layout_loops_ring, mainiacjoe_overflow_24_doors,
          minmay_overflow_temple_star_quad
D:4:      layout_basic, zin_purify, nicolae_ru_the_path_less_chosen,
          temple_fountains

Skill      XL: |  1  2  3  4 |
---------------+-------------+-----
Ranged Weapons | 3 4 |  4.8
Fighting       | 2 |  2.2
Armour         | 1 |  1.4
Dodging        | |  1.5
Spellcasting   | |  1.0
Hexes          | |  2.6

Action                     |  1- 3 |  4- 6 || total
---------------------------+-------+-------++-------
   Fire: Sling             |   120 |    69 ||   189
    Use: Scroll            |     4 |     2 ||     6
         Potion            |     2 |     1 ||     3
 Armour: Robe              |    11 |       ||    11
         Ring mail         |     3 |    24 ||    27
         Leather armour    |     1 |       ||     1
  Dodge: Dodged            |    33 |    27 ||    60

Table legend:
 A = Non-vault XP
 B = Vault XP
 C = Vault XP percentage of total XP
 D = Non-vault monster count
 E = Vault monster count
 F = Vault count percentage of total count
                 A         B        C        D         E       F
            +---------+---------+-------+---------+---------+-------
      Total |     224 |       0 |   0.0 |      37 |       0 |   0.0
            +---------+---------+-------+---------+---------+-------
        D:1 |      26 |       0 |   0.0 |      19 |       0 |   0.0
        D:2 |      23 |       0 |   0.0 |       6 |       0 |   0.0
        D:3 |      75 |       0 |   0.0 |      11 |       0 |   0.0
        D:4 |     100 |       0 |   0.0 |       1 |       0 |   0.0
            +---------+---------+-------+---------+---------+-------
